 Dungeon Crawl Stone Soup version 0.31-a0-771-g505c3d19dc (webtiles) character file.

Game seed: 141386700189151124

93 thriggle the Trooper (level 4, 0/35 HPs)
             Began as a Mummy Monk on Sept 17, 2023.
             Was a Believer of Uskayaw.
             Slain by an adder (2 damage)
             ... on level 3 of the Dungeon.
             The game lasted 00:05:14 (1390 turns).

thriggle the Trooper (Mummy Monk)                   Turns: 1390, Time: 00:05:15

Health: 0/35       AC:  2    Str: 14    XL:     4   Next: 36%
Magic:  1/5        EV: 12    Int: 11    God:    Uskayaw [**....]
Gold:   105        SH:  0    Dex: 14    Spells: 2/5 levels left

rFire   x .          .
                       - Unarmed
rCold   + + .        b - orb {light}
rNeg    + + +        a - +0 robe
rPois   ∞            (no helmet)
rElec   .            (no cloak)
rCorr   .            (no gloves)
SInv    .            (no boots)
Will    .....        (no amulet)
Stlth   +            h - ring of protection from cold
HPRegen 0.25/turn    (no ring)
MPRegen 0.09/turn

%: faith
@: glowing, studying Hexes
A: cold resistance 1, negative energy resistance 3, torment resistance 2, heat
vulnerability 1, in touch with death 1, no potions, faith
a: Renounce Religion, Stomp, Line Pass


You were on level 3 of the Dungeon.
You worshipped Uskayaw.
Uskayaw was noncommittal.
You visited 1 branch of the dungeon, and saw 3 of its levels.

You collected 105 gold pieces.

Inventory:

Hand Weapons
 d - a +0 short sword
 g - a +3 hand axe of draining
Missiles
 c - 31 stones
 i - 3 boomerangs
Armour
 a - a +0 robe (worn)
 b - an orb of light (worn)
Jewellery
 h - a ring of protection from cold (left hand)
Wands
 p - a wand of charming (15)
Scrolls
 e - 2 scrolls of teleportation
 f - 2 scrolls of identify
 l - a scroll of fog {unknown}
 m - a scroll of vulnerability {unknown}
 n - a scroll of fear {unknown}
 o - a scroll of butterflies {unknown}
 q - a scroll of acquirement {unknown}


   Skills:
 + Level 3.4 Fighting
 + Level 0.4 Throwing
 - Level 1.0 Armour
 + Level 2.7 Dodging
 + Level 1.1 Stealth
 + Level 2.7 Unarmed Combat
 + Level 1.2 Spellcasting
 + Level 1.4 Hexes
 + Level 0.2 Invocations


You had 2 spell levels left.
You knew the following spells:

 Your Spells              Type           Power      Damage    Failure   Level
a - Tukima's Dance        Hex            3%         N/A       45%         3

Your spell library contained the following spells:

 Spells                   Type           Power      Damage    Failure   Level
 Dimensional Bullseye     Hex/Tloc       1%         N/A       93%         4
 Iskenderun's Mystic Bla  Conj/Tloc      0%         2d3       97%         4


Dungeon Overview and Level Annotations

Branches:
Dungeon (3/15)

Altars:
Uskayaw


Innate Abilities, Weirdness & Mutations

You are immune to poison.
Your flesh is cold resistant. (rC+)
You are immune to negative energy. (rN+++)
You are immune to unholy pain and torment.
You are vulnerable to heat. (rF-)
You are in touch with the powers of death.
You do not drink.
You have a special connection with the divine. (Faith)


Message History

The adder completely misses you. The orc priest completely misses you.
The adder bites you.
You stomp with the beat, sending a shockwave through the revellers around you!
The orc priest is almost dead.
The adder is heavily wounded.
You can no longer pass through a line of other dancers.
The orc priest hits you with a +0 dagger.
The adder bites you.
You can now pass through a line of other dancers.
You don't have enough magic at the moment.
You hit the orc priest.
You kill the orc priest!
The orc hits you with a +0 mace!
* * * LOW HITPOINT WARNING * * *
The kobold throws a stone.
The stone misses you. The adder bites you.
* * * LOW HITPOINT WARNING * * *
You have reached level 4!
Okay, then.
You can't drink.
Okay, then.
As you read the scroll labelled VOTHA SOTIL, it crumbles to dust.
It is a scroll of identify.
e - 2 scrolls of teleportation The adder closely misses you.
The orc closely misses you. The orc hits you with a +0 dagger.
* * * LOW HITPOINT WARNING * * *
The adder bites you.
* * * LOW HITPOINT WARNING * * *
Okay, then.
The orc attacks as it pursues you! The orc barely misses you.
As you read the scroll labelled QOQAIKHARR, it crumbles to dust.
It is a scroll of enchant weapon.
Your +2 hand axe of draining glows red for a moment.
The kobold misses you. The orc closely misses you.
The orc completely misses you. The adder bites you.
* * * LOW HITPOINT WARNING * * *
As you read the scroll labelled WUSOZA EVVIMU, it crumbles to dust.
The creatures around you are filled with an inner flame!
It was a scroll of immolation.
The adder bites you.
You die...

###############
..............#
..............#
..............# ####
......)SK.....# ..#
.......o@.....######.####
.......o.!....##.#.......
..............##.#.#.....
.................#.#<....
..........######.#(#.....
..........# #.#.##....
..........# #.........
.........# ###....... ...
#.......


You could see an adder (inner flame), 2 orcs and a kobold (inner flame).

Vanquished Creatures
  An orc priest (D:3)
  2 adders (D:2)
  A worm (D:2)
  5 ball pythons
  2 bats
  6 endoplasms
  2 goblins (D:2)
  5 hobgoblins
  2 quokkas (D:1)
  4 frilled lizards
  4 kobolds
  8 rats
42 creatures vanquished.

Notes
Turn   | Place    | Note
-------+----------+-------------------------------------------
     0 | D:1      | thriggle the Mummy Monk began the quest for the Orb.
     0 | D:1      | Reached XP level 1. HP: 18/18 MP: 1/1
   134 | D:1      | Reached XP level 2. HP: 16/24 MP: 2/2
   431 | D:1      | Found a faded altar of an unknown god.
   452 | D:1      | Prayed at the altar of an unknown god.
   452 | D:1      | Became a worshipper of Uskayaw the Reveller
   452 | D:1      | Reached * piety under Uskayaw
   452 | D:1      | Reached ** piety under Uskayaw
   808 | D:2      | Reached XP level 3. HP: 29/29 MP: 4/4
   813 | D:2      | Reached *** piety under Uskayaw
   816 | D:2      | Reached **** piety under Uskayaw
   825 | D:2      | Reached ***** piety under Uskayaw
   832 | D:2      | Learned a level 3 spell: Tukima's Dance
   919 | D:2      | Reached skill level 1 in Hexes
  1025 | D:2      | Reached skill level 1 in Stealth
  1057 | D:2      | Reached skill level 1 in Spellcasting
  1178 | D:2      | Reached skill level 1 in Armour
  1387 | D:3      | Reached XP level 4. HP: 4/35 MP: 1/5
  1389 | D:3      | HP: 1/35 [adder (1)]
  1390 | D:3      | Slain by an adder

Illustrated notes

Levels and vault maps discovered:
D:1:      roderic_chinese_lattice_arrival, layout_rooms,
          shapermc_ecumenical_altar_flowoftime, corner_web_ring,
          minmay_misc_feat_roman, minmay_misc_feat_hallway,
          chequers_serial_rivers_small_b, minmay_misc_feat_five, chequers_garden
D:2:      layout_rooms, minmay_pentomino_q2
D:3:      layout_basic, mainiacjoe_overflow_alcove_2

Skill      XL: |  1  2  3 |
---------------+----------+-----
Hexes          | 1 |  1.4
Stealth        | 1 |  1.1
Spellcasting   | 1 |  1.2
Armour         | 1 |  1.0
Fighting       | |  3.4
Throwing       | |  0.4
Dodging        | |  2.7
Unarmed Combat | |  2.7
Invocations    | |  0.2

Action                     |  1- 3 |  4- 6 || total
---------------------------+-------+-------++-------
  Melee: Unarmed           |   137 |       ||   137
 Invoke: Stomp             |     1 |       ||     1
    Use: Scroll            |       |     3 ||     3
   Stab: Paralysed         |     1 |       ||     1
 Armour: Robe              |    70 |     4 ||    74
  Dodge: Dodged            |    65 |     6 ||    71

Table legend: (Time is in decaauts)
 A = Elapsed time spent in this place.
 B = Non-inter-level travel time spent in this place.
 C = Inter-level travel time spent in this place.
 D = Time resting spent in this place.
 E = Time spent auto-exploring this place.
 F = Levels seen in this place.
 G = Mean time per level.
                   A        B        C        D        E       F      G
               +--------+--------+--------+--------+--------+-----+--------+
         Total |   1383 |   1270 |    113 |    111 |    630 |   3 |  461.0 |
       Dungeon |   1383 |   1270 |    113 |    111 |    630 |   3 |  461.0 |
               +--------+--------+--------+--------+--------+-----+--------+

Top non-repeatable levels by time:
     D:1: 763 daAuts
     D:2: 585 daAuts
     D:3: 34 daAuts
